 Dungeon Crawl Stone Soup version 0.28.0-53-g5a82cb258f (webtiles) character file.

Game seed: 4027204399659685581

25 Stomo the Insei (level 3, -2/16 (18) HPs)
             Began as a Vine Stalker Transmuter on June 23, 2022.
             Slain by Terence
             ... wielding the +7 Throatcutter {drain, coup de grace}
              (4 damage)
             ... on level 1 of the Dungeon.
             The game lasted 00:02:04 (1387 turns).

Stomo the Insei (Vine Stalker Transmuter)           Turns: 1387, Time: 00:02:06

HP:   -2/16 (18)    AC:  2    Str: 14    XL:     3   Next: 4%
MP:   0/7           EV: 12    Int: 13    God:
Gold: 24            SH:  0    Dex: 14    Spells: 2/6 levels left

rFire   . . .      SeeInvis .     - Unarmed
rCold   . . .      Faith    .   (no shield)
rNeg    . . .      Spirit   +   a - +0 robe
rPois   .          Reflect  .   (no helmet)
rElec   .          Harm     .   (no cloak)
rCorr   .          Rampage  .   (no gloves)
Will    .....                   (no boots)
Stlth   +.........              (no amulet)
HPRegen 0.05/turn               (no ring)
MPRegen 0.10/turn               (no ring)

@: heavily drained
A: fangs 2, magic shield, antimagic bite, no potion heal 2
a: no special abilities


You were on level 1 of the Dungeon.
You visited 1 branch of the dungeon, and saw 2 of its levels.

You collected 24 gold pieces.

Inventory:

Armour
 a - a +0 robe (worn)
Scrolls
 d - a scroll of teleportation {unknown}
Potions
 c - a potion of attraction {unknown}
 e - a potion of brilliance {unknown}


   Skills:
 + Level 1.5 Fighting
 + Level 2.0 Dodging
 + Level 3.4 Unarmed Combat
 - Level 2.1 Spellcasting
 - Level 2.0 Transmutations


You had 2 spell levels left.
You knew the following spells:

 Your Spells              Type           Power      Damage    Failure   Level
a - Beastly Appendage     Tmut           12%        N/A       11%         1
b - Spider Form           Tmut/Pois      4%         N/A       45%         3

Your spell library contained the following spells:

 Spells                   Type           Power      Damage    Failure   Level
 Wereblood                Tmut           6%         N/A       17%         2
 Ice Form                 Ice/Tmut       4%         N/A       86%         4


Dungeon Overview and Level Annotations

Branches:
Dungeon (2/15)

Altars:

Annotations:
D:1 Terence
D:2 1 runed translucent door, Crazy Yiuf


Innate Abilities, Weirdness & Mutations

You have extremely sharp teeth.
When hurt, damage is shared between your health and your magic reserves.
Your bite disrupts and absorbs the magic of your enemies.
Potions cannot restore your health.


Message History

Terence is nearby!
Terence is nearby!
Terence is nearby!
Casting: Beastly Appendage (safe; 11% risk of failure)
Confirm with . or Enter, or press ? or * to list all spells.
You grow a pair of large bovine horns.
Your feet morph into talons.
Okay, then.
Your transformation is almost over.
There is a stone staircase leading up here.
You climb upwards.
There is a stone staircase leading down here.
This spell is potentially lethal to cast!
Memorise Spider Form, consuming 3 spell levels and leaving 2?
You start memorising the spell.
You continue memorising. x2
Your horns disappear.
Your talons disappear.
You continue memorising.
You finish memorising.
Spell assigned to 'b'.
Unknown command.
There is a stone staircase leading down here.
There is an open door here.
There is an open door here.
There is a stone staircase leading down here.
You climb downwards.
Level annotation: 1 runed translucent door, Crazy Yiuf, Terence Terence hits you with the +7 Throatcutter {drain, coup de grace}!
Ouch! That really hurt!
You feel drained.
* * * LOW HITPOINT WARNING * * *
There is a stone staircase leading up, spattered with blood here.
Terence barely misses you.
You climb upwards.
There is a stone staircase leading down here.
There is an open door here.
As you read the scroll labelled IREKOYL WYASOU, it crumbles to dust.
The creatures around you are filled with an inner flame!
It was a scroll of immolation.
Terence hits you with the +7 Throatcutter {drain, coup de grace}!
* * * LOW HITPOINT WARNING * * *
You feel drained.
You die...

.# #............##.......⌠... .#
########.....###...⌠...... .#
#.....##.........≈. .#
##.#####...⌠....... .# #.#
#<.....≈.... .# ########.#
#.(.⌠....... .########......#.#
#.........≈.
........#.####.#@######...⌠......
.######.#.# #.#@#....'......⌠...
....#...#.# #.#.#.#.###.........
..###.###.# #.#.#.....####......
........#.# ###.#........#######
)########.# #.#>..#.##.#
..........######(#...#..#.#
####.................#..#.#
#.#..............#...#..#.#
#.............#..#.#.#..#.#


You could see Terence (inner flame).

Vanquished Creatures
  2 bats (D:1)
  An endoplasm (D:1)
  A giant cockroach (D:1)
  3 jackals (D:1)
  2 kobolds (D:1)
  2 quokkas (D:1)
  4 ball pythons (D:1)
  5 frilled lizards (D:1)
  2 goblins (D:1)
  A rat (D:1)
23 creatures vanquished.

Notes
Turn   | Place    | Note
-------+----------+-------------------------------------------
     0 | D:1      | Stomo the Vine Stalker Transmuter began the quest for the
                  | Orb.
     0 | D:1      | Reached XP level 1. HP: 9/9 MP: 4/4
    56 | D:1      | Reached skill level 1 in Fighting
   325 | D:1      | Reached XP level 2. HP: 10/14 MP: 4/6
   856 | D:1      | Found a faded altar of an unknown god.
   882 | D:1      | Reached XP level 3. HP: 16/18 MP: 5/7
  1262 | D:2      | Found a runed translucent door.
  1263 | D:2      | Noticed Crazy Yiuf
  1279 | D:2      | Noticed Terence
  1299 | D:1      | Learned a level 3 spell: Spider Form
  1387 | D:1      | Slain by Terence

Illustrated notes

Levels and vault maps discovered:
D:1:      dpeg_arrival_stone_temple_mockup, layout_basic,
          shapermc_ecumenical_altar_notcrosses
D:2:      layout_rooms, basic_altar, uniq_terence, uniq_crazy_yiuf_cottage

Skill      XL: |  1  2 |
---------------+-------+-----
Fighting       | 1 |  1.5
Dodging        | 2 |  2.0
Unarmed Combat | |  3.4
Spellcasting   | |  2.1
Transmutations | |  2.0

Action                   || total
-------------------------++-------
Melee: Unarmed           ||    46
       Headbutt          ||     5
       Kick              ||     4
       Punch             ||     3
       Bite              ||     3
 Cast: Beastly Appendage ||    17
  Use: Scroll            ||     1
Armor: Robe              ||     5
Dodge: Dodged            ||    35
